 Dungeon Crawl Stone Soup version 0.18-a0-952-g309898a (webtiles) character file.

96 Duffy the Stinger (level 4, -2/36 HPs)
             Began as a Naga Venom Mage on Dec 31, 2015.
             Slain by terkiey's ghost (9 damage)
             ... on level 3 of the Dungeon.
             The game lasted 00:04:34 (2829 turns).

Duffy the Stinger (Naga Venom Mage)                 Turns: 2829, Time: 00:04:34

Health: -2/36      AC:  4    Str: 10    XL:     4   Next: 67%
Magic:  9/9        EV: 10    Int: 18    God:
Gold:   77         SH:  0    Dex: 13    Spells: 3 memorised, 3 levels left

rFire  . . .     SeeInvis +     x - +0 quarterstaff
rCold  . . .     Gourm    .     a - +0 robe
rNeg   . . .     Faith    .     (shield currently unavailable)
rPois  +         Spirit   .     v - +1 helmet
rElec  .         Dismiss  .     (no cloak)
rCorr  .         Reflect  .     (no gloves)
SustAt .         Harm     .     (no barding)
MR     .....                    (no amulet)
Stlth  ++........               (no ring)
                                w - +3 ring of intelligence

@: very slow, not resistant to hostile enchantments, unstealthy
A: see invisible, deformed body, poison resistance, slowness 2, slow metabolism
1, spit poison 2, AC +1
a: Spit Poison


You were on level 3 of the Dungeon.
You were not hungry.

You visited 1 branch of the dungeon, and saw 3 of its levels.

You collected 77 gold pieces.


Innate Abilities, Weirdness & Mutations

You cannot wear boots.
Your serpentine skin is tough (AC +1).
You have supernaturally acute eyesight.
Armour fits poorly on your strangely shaped body.
Your system is resistant to poisons.
You cover ground very slowly.
You have a slow metabolism.
You can spit poison.


   Skills:
 + Level 0.2 Staves
 - Level 1.5 Dodging
 - Level 3.0 Stealth
 - Level 3.5 Spellcasting
 + Level 6.4 Poison Magic


You had 3 spell levels left.
You knew the following spells:

 Your Spells              Type           Power        Failure   Level  Hunger
a - Sting                 Conj/Pois      ##..         4%          1    None
c - Cure Poison           Pois           ####......   1%          2    ##.....
l - Olgreb's Toxic Radia  Pois           ####....     14%         4    ####...

Inventory:

Hand Weapons
 x - a +0 quarterstaff (weapon)
Armour
 a - a +0 robe (worn)
 p - a +2 ring mail of fire resistance
 v - a +1 helmet (worn)
Jewellery
 w - a +3 ring of intelligence (left hand)
Wands
 q - a wand of random effects (21/48)
Scrolls
 d - a scroll of identify {unknown}
 e - a scroll of amnesia {unknown}
 f - a scroll of blinking {unknown}
 g - a scroll of remove curse
 m - a scroll of immolation {unknown}
 r - a scroll of noise {unknown}
 s - a scroll of enchant weapon {unknown}
 u - a scroll of enchant armour {unknown}
Potions
 j - a potion of curing {unknown}
 k - a potion of degeneration {unknown}
 l - a potion of might {unknown}
 n - 2 potions of agility {unknown}
 o - a potion of invisibility {unknown}
 t - a potion of heal wounds {unknown}
Books
 b - a Young Poisoner's Handbook
Comestibles
 c - 3 bread rations
 i - a beef jerky
 z - 7 chunks of flesh

Dungeon Overview and Level Annotations

Branches:
Dungeon (3/15)

Altars:
Ru

Annotations:
D:3 terkiey's ghost, amateur HuBe


Message History

The ball python is moderately wounded.
The ball python barely misses you. x2
You completely miss the ball python.
The ball python is moderately wounded.
The ball python misses you.
You closely miss the ball python.
The ball python is moderately wounded.
The ball python closely misses you. The ball python bites you.
You closely miss the ball python.
The ball python is moderately wounded.
The ball python closely misses you.
You thump the ball python!
You kill the ball python!
No target in view!
No target in view!
You see here a ball python corpse.
You butcher the ball python corpse.
z - 7 chunks of flesh (gained 4)
Found a sacrificial altar of Ru.
Terkiey's ghost (amateur Human Berserker) comes into view.
Terkiey's ghost turns its malevolent gaze towards you.
Read which item? (? for menu, Esc to quit)
As you read the scroll labeled HIFUAJU DIKKA, it crumbles to dust.
You feel blessed for a moment.
It was a scroll of remove curse.
You closely miss terkiey's ghost. Terkiey's ghost hits you.
You closely miss terkiey's ghost. Terkiey's ghost hits you.
Terkiey's ghost hits you!
Terkiey's ghost hits you but does no damage.
Terkiey's ghost hits you. Terkiey's ghost hits you!
Terkiey's ghost closely misses you.
Terkiey's ghost whispers, "They're coming for you..."
Terkiey's ghost hits you but does no damage.
Terkiey's ghost hits you!
You die...

.# .# .# ######### ##.#
#####.......# #...
#......####.########## ###.#.
###.###................#
#.._..
............#.########.#
##.#.##
###......>.....@W....#.#
#......
#.###.###.#.######.#.###.##.##
####.###.###.#.# #..........#
..........##.#.# #######.##.#
####.###..##.(.. ....... #.#
#.).....# ##..#.#. #.#
##.###### #..# .. #.# .# #..#
. #.# .# #..#


You could see terkiey's ghost.

Action                   |  1- 3 |  4- 6 || total
-------------------------+-------+-------++-------
Melee: Dagger            |     1 |       ||     1
       Quarterstaff      |       |    14 ||    14
 Cast: Sting             |    63 |    23 ||    86
       Olgreb's Toxic Ra |       |     2 ||     2
 Abil: Spit Poison       |     8 |     1 ||     9
  Use: Scroll            |       |     1 ||     1
 Stab: Sleeping          |       |     1 ||     1
  Eat: Chunk             |     3 |     2 ||     5

Notes
Turn   | Place    | Note
--------------------------------------------------------------
     0 | D:1      | Duffy the Naga Venom Mage began the quest for the Orb.
     0 | D:1      | Reached XP level 1. HP: 15/15 MP: 3/3
   416 | D:1      | Reached XP level 2. HP: 14/22 MP: 0/5
  1233 | D:2      | Learned a level 2 spell: Cure Poison
  1254 | D:2      | Reached XP level 3. HP: 19/28 MP: 1/7
  1466 | D:2      | Reached skill level 6 in Poison Magic
  1530 | D:2      | Reached skill level 3 in Spellcasting
  1993 | D:2      | Reached XP level 4. HP: 36/36 MP: 6/8
  2206 | D:2      | Learned a level 4 spell: Olgreb's Toxic Radiance
  2223 | D:2      | Noticed Robin
  2238 | D:2      | Killed Robin
  2808 | D:3      | Found a sacrificial altar of Ru.
  2810 | D:3      | Noticed terkiey's ghost (amateur HuBe)
  2829 | D:3      | Slain by terkiey's ghost

Vault maps used:
D:1:      matt_arrival_refuge, serial_forest, infiniplex_forest_straight_2,
          infiniplex_forest_end_3, infiniplex_forest_3_way,
          infiniplex_forest_lined_room_3, infiniplex_forest_lined_room_2,
          infiniplex_forest_clump_double
D:2:      kennysheep_goblin_castle, first_bread
D:3:      lemuel_crystal_altar

Vanquished Creatures
  Robin
  3 adders
  A worm
  A giant gecko
  3 ball pythons
  3 giant cockroaches
  4 hobgoblins
  3 kobolds
  5 bats
  2 giant newts
  20 goblins
  3 jackals
  5 rats
  A plant
55 creatures vanquished.
